Map: Central Protocol

Players

Grumm

  • Race: Zerg Zerg
  • League: Gold

minop - Winner!

  • Race: Zerg Zerg
  • League: Gold

VOD

Have the link to the VOD?

Description

Time

  • Played on: Feb. 16, 2016, 2:30 a.m.
  • Length: 12:00
Show
View Real Time Build Order
Export as new Build Order

Grumm Zerg 

Build Orders: Pool First 

Get SALT Encoding   

  12  0:02  Drone  
  13  0:23  Spawning Pool  
  13  0:25  Drone  
  13  0:34  Overlord  
  13  0:43  Drone  
  13  0:48  Extractor  
  13  0:49  Drone  
  14  1:10  Queen  
  16  1:11  Drone x2  
  16  1:12  Drone  
  19  1:38  Hatchery  
  18  1:44  Drone x2  
  20  1:48  Zergling x2  
  21  2:02  Overlord  
  21  2:15  Zergling x2  
  22  2:23  Queen  
  22  2:28  Roach Warren  
  23  2:32  Extractor  
  21  2:43  Drone x3  
  21  2:44  Drone  
  25  2:55  Queen  
  26  3:16  Roach  
  26  3:17  Roach x2  
  26  3:18  Overlord  
  32  3:22  Roach  
  34  3:38  Drone x4  
  38  3:56  Lair  
  38  4:08  Overlord  
  38  4:14  Overlord  
  38  4:15  Overlord  
  38  4:35  Metabolic Boost  
  38  4:37  Zergling x2  
  38  4:38  Zergling x14  
  46  4:46  Drone x2  
  48  4:53  Evolution Chamber  
  47  5:18  Overlord  
  47  5:19  Overlord  
  47  5:20  Roach  
  55  5:21  Roach x3  
  55  5:25  Zerg Melee Weapons Level 1  
  55  5:33  Hydralisk Den  
  54  5:38  Drone x2  
  56  5:58  Glial Reconstitution  
  56  6:01  Drone x2  
  56  6:02  Overlord  
  58  6:29  Hatchery  
  59  6:32  Roach  
  59  6:33  Roach x4  
  59  6:35  Drone  
  60  7:09  Hydralisk x7  
  74  7:25  Drone  
  74  7:26  Drone x6  
  81  7:35  Spine Crawler  
  80  7:52  Drone x8  
  80  7:53  Drone  
  80  7:57  Extractor  
  88  7:58  Extractor  
  87  8:07  Spine Crawler  
  86  8:17  Overlord x2  
  86  8:20  Zerg Ground Armor Level 1  
  86  8:28  Spore Crawler  
  86  8:30  Muscular Augments  
  85  8:35  Drone  
  85  8:36  Drone x6  
  85  8:40  Overseer  
  92  8:45  Spore Crawler  
  91  8:48  Spore Crawler  
  91  8:49  Pneumatized Carapace  
  90  9:06  Zergling x6  
  93  9:26  Hatchery  
  92  9:41  Overlord x2  
  92  9:42  Roach  
  92  9:43  Roach x6  
  92  9:45  Overlord x2  
  106  9:48  Extractor  
  106  9:50  Extractor  
  104  10:12  Infestation Pit  
  103  10:18  Evolution Chamber, Hydralisk x7  
  103  10:19  Hydralisk  
  118  10:37  Zergling x6  
  118  10:38  Zergling x14  
  49  11:07  Roach  
  49  11:08  Roach x9  
  61  11:21  Hydralisk x2  
  61  11:22  Hydralisk  
Show
View Real Time Build Order
Export as new Build Order

minop Zerg - Winner!

Build Orders: Pool First 

Get SALT Encoding   

  12  0:01  Drone  
  13  0:10  Drone  
  14  0:17  Overlord  
  14  0:23  Extractor  
  14  0:24  Drone  
  15  0:36  Drone x2  
  17  0:46  Spawning Pool  
  17  0:48  Drone  
  17  0:56  Drone  
  18  0:58  Extractor  
  17  1:09  Drone  
  18  1:21  Drone  
  19  1:25  Hatchery  
  19  1:29  Drone  
  19  1:42  Queen  
  19  1:44  Zergling x2  
  22  1:53  Overlord  
  22  2:02  Roach Warren  
  21  2:26  Queen  
  22  2:42  Roach x3  
  22  2:43  Roach  
  30  3:00  Drone x2  
  30  3:01  Drone x2  
  34  3:15  Drone x2  
  36  3:20  Overlord  
  36  3:25  Overlord  
  36  3:40  Drone x4  
  40  3:42  Ravager x3  
  43  4:08  Drone x6  
  49  4:13  Extractor  
  48  4:17  Extractor  
  48  4:18  Zergling x2  
  48  4:28  Pneumatized Carapace  
  48  4:30  Drone x2  
  50  4:39  Drone x2  
  50  4:40  Overlord  
  50  4:45  Extractor  
  51  4:47  Drone  
  51  4:48  Overlord x2  
  52  4:54  Overlord  
  52  4:57  Overlord x2  
  52  5:02  Lair  
  51  5:18  Drone x5  
  51  5:19  Overlord x2  
  56  5:58  Drone x2  
  58  6:06  Hydralisk Den  
  57  6:13  Drone x2  
  57  6:14  Drone  
  60  6:20  Zergling x4  
  60  6:25  Drone x2, Overlord  
  64  6:27  Hatchery  
  64  6:32  Overseer  
  63  6:33  Drone x3, Hatchery  
  63  6:34  Drone x2  
  67  6:43  Roach  
  67  6:44  Roach x2  
  73  6:50  Roach x2  
  75  7:03  Roach x4  
  75  7:04  Roach x3  
  86  7:14  Lurker Den  
  86  7:34  Hatchery  
  86  7:35  Overlord x2  
  85  7:43  Baneling Nest  
  85  7:44  Drone x6  
  90  7:55  Zergling x2  
  91  8:14  Evolution Chamber, Zergling x12  
  91  8:15  Evolution Chamber  
  91  8:17  Overseer  
  91  8:18  Overseer  
  95  8:25  Overlord x2  
  95  8:29  Centrifical Hooks, Baneling x5  
  95  8:30  Zergling x4  
  95  8:31  Zergling x6  
  95  8:33  Roach x7  
  114  8:37  Baneling  
  114  8:38  Baneling  
  114  8:39  Baneling x2  
  114  8:40  Baneling x6  
  114  8:41  Zerg Ground Armor Level 1, Zerg Missile Weapons Level 1  
  114  8:47  Overlord  
  114  8:48  Overlord  
  114  8:52  Queen  
  116  8:59  Baneling x4  
  116  9:04  Baneling x6  
  116  9:06  Baneling x3  
  116  9:09  Glial Reconstitution  
  116  9:14  Roach x6  
  116  9:15  Roach  
  130  9:32  Roach x6  
  130  9:33  Roach x2  
  146  9:40  Extractor  
  146  9:42  Overseer, Extractor  
  144  9:54  Hydralisk, Muscular Augments  
  144  9:55  Hydralisk x2  
  150  10:12  Roach  
  150  10:13  Roach x8  
  168  10:28  Tunneling Claws  
  158  11:03  Roach  
  158  11:04  Roach x12  
  176  11:15  Overlord x3  
  176  11:16  Overlord  
  176  11:35  Overlord x2  
  176  11:36  Overlord  
Tags
 
Add a new tag
Caveats
  • Supply blocks, unpowered buildings, or Contaminate may cause inaccurate times.
  • Supply counts are checked every 10 seconds.